 Dungeon Crawl Stone Soup version 0.26-a0-835-g8259106e14 (webtiles) character file.

Game seed: 7893687981090033969

255 jasper the Cudgeller (level 5, -3/48 HPs)
             Began as a Palentonga Fighter on Nov 17, 2020.
             Slain by a wight
             ... wielding a +2 great sword
              (13 damage)
             ... on level 4 of the Dungeon.
             The game lasted 00:02:32 (1895 turns).

jasper the Cudgeller (Palentonga Fighter)           Turns: 1895, Time: 00:02:32

Health: -3/48      AC:  6    Str: 20    XL:     5   Next: 91%
Magic:  5/5        EV:  5    Int:  9    God:
Gold:   65         SH:  8    Dex:  9    Spells: 4/4 levels left

rFire    + . .     SeeInvis +   a - +0 flail
rCold    x . .     Faith    .   c - +0 kite shield
rNeg     . . .     Spirit   .   b - +0 scale mail
rPois    .         Reflect  .   (no helmet)
rElec    .         Harm     .   (no cloak)
rCorr    .         Rampage  .   (no gloves)
MR       .....                  (no barding)
Stlth    ..........             (no amulet)
HPRegen  0.16/turn              m - ring of fire
MPRegen  0.09/turn              (no ring)

@: very slightly contaminated, hasted, invisible, very quick
A: large, rugged brown scales 3, see invisible, deformed body, roll 1, armoured
tail
a: Rolling Charge


You were on level 4 of the Dungeon.
You visited 1 branch of the dungeon, and saw 3 of its levels.

You collected 65 gold pieces.

Inventory:

Hand Weapons
 a - a +0 flail (weapon)
 i - a +2 flail of protection
Missiles
 d - 17 poisoned darts
 f - 49 stones (quivered)
Armour
 b - a +0 scale mail (worn)
 c - a +0 kite shield (worn)
Jewellery
 m - a ring of fire (left hand)
Scrolls
 e - a scroll of noise {unknown}
 h - a scroll of remove curse {unknown}
 j - a scroll of magic mapping {unknown}
 l - a scroll of identify {unknown}
 o - a scroll of teleportation {unknown}
Potions
 g - a potion of invisibility
 n - a potion of berserk rage {unknown}


   Skills:
 - Level 3.0 Fighting
 + Level 6.3 Maces & Flails
 - Level 2.4 Armour
 - Level 2.4 Shields


You had 4 spell levels left.
You didn't know any spells.
Your spell library was empty.

Dungeon Overview and Level Annotations

Branches:
Dungeon (2/15)

Altars:
Wu Jian
The Shining One


Innate Abilities, Weirdness & Mutations

You are completely covered in rugged brown scales. (AC +3, +7% HP)
You have supernaturally acute eyesight. (SInv)
Armour fits poorly on your strangely shaped body.
You can roll at nearby foes to attack.
You have a long armoured tail.


Message History

You catch the helpless adder completely off-guard!
You thump the adder!
You kill the adder!
You sock the jackal!
You kill the jackal!
The wight barely misses you.
Things that are here:
a +2 flail of protection; a +0 leather armour; an adder corpse You barely miss the wight.
You hit the wight but do no damage. The wight hits you but does no damage.
You hit the wight. You tail-slap the wight.
The wight is moderately damaged.
The wight hits you with a +2 great sword!
* * * LOW HITPOINT WARNING * * *
You take 10 damage, and have 10/48 hp.
MASSIVE DAMAGE!!
You barely miss the wight.
Your tail-slap misses the wight.
The wight is moderately damaged.
i - a +2 flail of protection The wight hits you with a +2 great sword!
You die...

#.# #.# #># ..# #.#
#.## #.#
##....#.#########...
........zzz@........
........#########...
......... ..........
......$.h##
###..?#.## #####.#
#.#


You could see 3 wights.

Vanquished Creatures
  Edmund (D:4)
  Jessica (D:2)
  Natasha (D:2)
  4 adders
  2 worms (D:2)
  A dart slug (D:1)
  A leopard gecko (D:2)
  4 giant cockroaches (D:1)
  6 goblins
  6 hobgoblins
  6 jackals
  A ball python (D:2)
  4 bats
  3 frilled lizards
  6 kobolds
  5 rats
52 creatures vanquished.

Notes
Turn   | Place    | Note
-------+----------+-------------------------------------------
     0 | D:1      | jasper the Palentonga Fighter began the quest for the Orb.
     0 | D:1      | Reached XP level 1. HP: 20/20 MP: 1/1
   227 | D:1      | Reached XP level 2. HP: 19/27 MP: 2/2
   364 | D:1      | Found a glowing golden altar of the Shining One.
   546 | D:1      | Reached skill level 3 in Maces & Flails
  1139 | D:2      | Noticed Jessica
  1145 | D:2      | Killed Jessica
  1146 | D:2      | Reached skill level 4 in Maces & Flails
  1146 | D:2      | Reached XP level 3. HP: 32/33 MP: 3/3
  1204 | D:2      | Noticed Natasha
  1212 | D:2      | Killed Natasha
  1213 | D:2      | Reached XP level 4. HP: 37/40 MP: 4/4
  1301 | D:2      | Found an ornate altar of the Wu Jian Council.
  1580 | D:2      | Reached skill level 5 in Maces & Flails
  1862 | D:2      | You fall into a shaft and drop 2 floors!
  1862 | D:4      | Noticed Edmund
  1881 | D:4      | Killed Edmund
  1882 | D:4      | Reached skill level 6 in Maces & Flails
  1882 | D:4      | Reached XP level 5. HP: 11/48 MP: 5/5
  1895 | D:4      | Slain by a wight

Illustrated notes

Levels and vault maps discovered:
D:1:      ebering_hopf_link, layout_basic, tso_metal_star
D:2:      layout_basic, overflow_temple_1_default, minmay_strange_pillars,
          uniq_jessica, uniq_natasha
D:4:      layout_loops_corners, kennysheep_mini, gup_sewer_entry_bubbles,
          minmay_increasing_density, uniq_edmund

Skill      XL: |  1  2  3  4 |
---------------+-------------+-----
Maces & Flails | 4 6 |  6.3
Fighting       | |  3.0
Armour         | |  2.4
Shields        | |  2.4

Action                   |  1- 3 |  4- 6 || total
-------------------------+-------+-------++-------
Melee: Flail             |    93 |    84 ||   177
       Tailslap          |     9 |     7 ||    16
Throw: Stone             |       |     7 ||     7
 Abil: Rolling Charge    |    12 |     9 ||    21
  Use: Potion            |     1 |     3 ||     4
 Stab: Invisible         |       |     4 ||     4
Armor: Scale mail        |    47 |    22 ||    69
Dodge: Dodged            |    16 |    15 ||    31
Block: Kite shield       |    40 |    27 ||    67

Table legend: (Time is in decaauts)
 A = Elapsed time spent in this place.
 B = Non-inter-level travel time spent in this place.
 C = Inter-level travel time spent in this place.
 D = Time resting spent in this place.
 E = Time spent auto-exploring this place.
 F = Levels seen in this place.
 G = Mean time per level.
                   A        B        C        D        E       F      G
               +--------+--------+--------+--------+--------+-----+--------+
         Total |   1938 |   1913 |     25 |    252 |   1290 |   3 |  646.0 |
       Dungeon |   1938 |   1913 |     25 |    252 |   1290 |   3 |  646.0 |
               +--------+--------+--------+--------+--------+-----+--------+

Top non-repeatable levels by time:
     D:1: 1163 daAuts
     D:2: 742 daAuts
     D:4: 33 daAuts
